AoeStats
← Kaer Morhen

Lombardia

509683788Analyzed
2v2 RM · 5d ago on Sep 27, 2026· 32m 8s· 4 players
Game mode
Random Map
Map size
Medium (4 player)
Population
200
Speed
Normal
Resources
Standard
Victory
Conquest
Starting age
Dark Age
Ending age
Imperial Age
RankedLock teamsTeams togetherTeam positionsShared explorationLock speedFull tech treeHidden civsTurbo modeCheats
Victory
Defeat
🇫🇷 Mongols · France
1309
+15
🇪🇸 Byzantines · Spain
1256
+17
🇨🇿 Berbers · Czechia
1335
-18
🇱🇾 Burgundians · Libya
1226
-14
Kaer Morhen
3:39 Loom
10:20 Feudal Age
14:13 Wheelbarrow
19:03 Castle Age
18:11 Horse Collar
19:36 Double-Bit Axe
20:25 Scale Barding Armor
20:49 Bloodlines
22:04 Bow Saw
22:36 Forging
23:47 Hand Cart
26:58 Iron Casting
28:05 Husbandry
28:11 Town Watch
boxe
7:07 Loom
9:31 Feudal Age
8:06 Double-Bit Axe
12:09 Wheelbarrow
13:11 Horse Collar
20:45 Castle Age
19:36 Stone Mining
20:07 Scale Barding Armor
20:12 Forging
20:30 Heavy Plow
21:35 Stone Shaft Mining
21:29 Husbandry
22:31 Gold Mining
23:44 Squires
23:46 Scale Mail Armor
26:06 Chain Mail Armor
27:18 Iron Casting
29:35 Chain Barding Armor
Tifrato
6:24 Loom
8:45 Feudal Age
10:53 Double-Bit Axe
19:57 Castle Age
18:11 Horse Collar
19:04 Gold Mining
19:28 Bloodlines
19:38 Scale Barding Armor
20:04 Forging
21:04 Bow Saw
21:30 Wheelbarrow
26:20 Husbandry
28:06 Chain Barding Armor
30:20 Iron Casting
30:27 Husbandry
Provenza
7:05 Loom
9:47 Feudal Age
12:09 Horse Collar
12:45 Double-Bit Axe
20:13 Castle Age
19:51 Gold Mining
20:59 Scale Mail Armor
21:10 Forging
21:12 Bow Saw
21:23 Squires
21:09 Gambesons
21:16 Gambesons
22:08 Chain Mail Armor
21:59 Pikeman
22:59 Gambesons
26:14 Arson
28:54 Iron Casting
32:08 Wheelbarrow
Connection lost

Rejoining the realm…

Still unreachable

The connection could not be restored.

Session expired

The server has moved on; the page needs a fresh start.